 Dungeon Crawl Stone Soup version 0.24-a0-7-g1bb0902 (webtiles) character file.

Game seed: 2137457251365770333

6009 galech the Cleaver (level 10, -2/77 HPs)
             Began as a Demonspawn Fighter on Jan 30, 2019.
             Was an Elder of Okawaru.
             Killed from afar by an orc wizard (6 damage)
             ... with a puff of flame
             ... on level 9 of the Dungeon.
             The game lasted 00:24:19 (11502 turns).

galech the Cleaver (Demonspawn Fighter)            Turns: 11502, Time: 00:24:20

Health: -2/77      AC: 27    Str: 16    XL:     10   Next: 56%
Magic:  8/10       EV:  7    Int:  9    God:    Okawaru [****..]
Gold:   225        SH: 12    Dex: 17    Spells: 9/9 levels left

rFire    . . .     SeeInvis .   a - +0 war axe
rCold    + . .     Gourm    .   c - +0 shield
rNeg     . . .     Faith    .   R - +1 plate armour {rC+}
rPois    +         Spirit   .   (no helmet)
rElec    +         Reflect  .   (no cloak)
rCorr    .         Harm     .   (no gloves)
MR       .....     Clarity  +   w - +0 pair of boots
Stlth    ..........             q - amulet of inaccuracy (curse)
HPRegen  0.22/turn              H - +2 ring of protection
MPRegen  0.12/turn              m - +6 ring of protection

@: heroism, heavily drained
A: slimy green scales 2, clarity, demonic guardian 1, poison resistance, powered
by death 1, electricity resistance, evolution 1
a: Heroism, Renounce Religion


You were on level 9 of the Dungeon.
You worshipped Okawaru.
Okawaru was greatly pleased with you.
You were very hungry.

You visited 2 branches of the dungeon, and saw 12 of its levels.
You also visited: Sewer.

You collected 417 gold pieces.
You spent 192 gold pieces at shops.

Inventory:

Hand Weapons
 a - a +0 war axe (weapon)
 M - a +0 hand axe of chopping
 Q - the +9 dagger of Ovi Rima {protect, rPois rC- Dex+6}
   (You found it on level 8 of the Dungeon)

   It protects the one who uses it against injury (+AC on strike).
   It affects your dexterity (+6).
   It makes you vulnerable to cold.
   It protects you from poison.
Armour
 c - a +0 shield (worn)
 w - a +0 pair of boots (worn)
 R - a +1 plate armour of cold resistance (worn)
Jewellery
 e - an uncursed ring of fire
 m - a +6 ring of protection (right hand)
 q - a cursed amulet of inaccuracy (around neck)
 r - an uncursed ring of ice
 B - an uncursed ring of flight {unknown}
 G - a +3 ring of evasion {unknown}
 H - a +2 ring of protection (left hand)
Wands
 l - a wand of disintegration (9)
 p - a wand of random effects (26)
 D - a wand of enslavement (12)
 F - a wand of flame (14)
 K - a wand of polymorph (2)
Scrolls
 g - a scroll of amnesia
 k - 5 scrolls of teleportation
 n - 3 scrolls of enchant weapon
 o - a scroll of immolation
 u - 4 scrolls of fear
 v - a scroll of magic mapping
 x - a scroll of enchant armour
 A - 3 scrolls of identify
 C - a scroll of noise
 L - a scroll of fog
 N - a scroll of torment
Potions
 b - a potion of flight
 d - a potion of might
 i - a potion of mutation
 s - 2 potions of agility {unknown}
 z - a potion of curing
 E - a potion of cancellation {unknown}
 J - a potion of ambrosia {unknown}
 P - a potion of resistance
Comestibles
 f - 19 rations


   Skills:
 + Level 6.6(8.8) Fighting
 + Level 9.2(11.2) Axes
 + Level 6.5(8.7) Armour
 + Level 2.9(5.3) Dodging
 + Level 1.3(3.8) Stealth
 + Level 8.0(10.1) Shields
 + Level 1.0(0.0) Invocations


You had 9 spell levels left.
You didn't know any spells.
Your spell library contained the following spells:

 Spells                   Type           Power        Failure   Level  Hunger
 Shock                    Conj/Air       #...         100%        1    ##.....
 Summon Small Mammal      Summ           #...         100%        1    ##.....
 Call Imp                 Summ           #.......     100%        2    ###....
 Swiftness                Chrm/Air       #.......     100%        2    ###....
 Call Canine Familiar     Summ           #.......     100%        3    ####...
 Static Discharge         Conj/Air       #.......     100%        3    ####...
 Summon Guardian Golem    Hex/Summ       #.......     100%        3    ####...
 Airstrike                Air            #.........   100%        4    #####..
 Summon Ice Beast         Ice/Summ       #.......     100%        4    #####..
 Summon Lightning Spire   Summ/Air       #.......     100%        4    #####..
 Lightning Bolt           Conj/Air       #.........   100%        5    ######.


Dungeon Overview and Level Annotations

Branches:
Dungeon (11/15)            Temple (1/1) D:4             Orc (0/2) D:10
   Lair: D:8-11

Altars:
Ashenzari
Cheibriados
Dithmenos
Fedhas
Gozag
Hepliaklqana
Kikubaaqudgha
Makhleb
Nemelex Xobeh
Okawaru
Ru
Vehumet
Wu Jian
Xom
Yredelemnul
The Shining One

Shops:
D:5 :   D:8 *

Annotations:
D:3 2 runed translucent doors, poirepourri's ghost, novice GrFi
D:10 Josephine


Innate Abilities, Weirdness & Mutations

You are mostly covered in slimy green scales. (AC +3)
A weak demonic guardian rushes to your aid.
You regenerate a little health from kills.
You possess an exceptional clarity of mind.
Your system is resistant to poisons. (rPois)
You are resistant to electric shocks. (rElec)
You evolve.


Message History

The orc wizard is severely wounded.
The orc wizard casts a spell at you.
The magic dart hits you but does no damage.
You completely miss the orc wizard.
The orc wizard is severely wounded.
You block the orc wizard's attack.
The orc wizard hits you but does no damage.
You feel drained.
You closely miss the orc wizard.
The orc wizard is severely wounded.
The orc wizard hits you but does no damage.
You feel drained.
The orc wizard points at you and mumbles some strange words.
The puff of flame hits you!
* * * LOW HITPOINT WARNING * * *
You gain the combat prowess of a mighty hero.
You block the orc wizard's attack.
The orc wizard gestures at you while chanting.
The puff of flame hits you.
You die...

$...# #######
...(.##.....#
..oo.c.o....#
..c)...c....##.
##5o......
##).)...##.
##(#)#.### .
#o###....
#...##@#.#.....
#....>.#######
#..).##.##
...#.. ###
.#.[. ..#. .#..
..#


You could see an orc wizard.

Vanquished Creatures
  2 hippogriffs
  3 yaks (D:10)
  Menkaure (D:6)
  Duvessa (D:5)
  A black bear (D:8)
  3 orc warriors
  5 ice beasts
  A phantom (D:8)
  4 centaurs
  An ogre (D:4)
  4 big kobolds
  A bullfrog (D:6)
  Dowan (D:5)
  2 scorpions
  8 killer bees
  7 wights
  A howler monkey (D:5)
  A crimson imp (D:8)
  4 orc priests
  A bullfrog zombie (D:6)
  8 orc wizards
  A gnoll shaman (D:5)
  4 hounds
  2 jellies
  Jessica (D:3)
  An iguana (D:4)
  Terence (D:2)
  3 worker ants
  A killer bee zombie (D:7)
  A hound skeleton (D:8)
  4 gnolls (D:5)
  13 adders
  A river rat (Sewer)
  A shadow imp (D:3)
  4 oozes
  An adder zombie (D:6)
  An adder skeleton (D:8)
  8 worms
  3 dart slugs
  3 leopard geckos
  33 orcs
  2 ball pythons
  5 giant cockroaches
  7 goblins
  10 hobgoblins
  8 jackals
  3 quokkas
  7 bats
  8 frilled lizards
  20 kobolds
  A quokka skeleton (D:6)
  6 rats
224 creatures vanquished.

Vanquished Creatures (collateral kills)
  Harold (D:8)
  Prince Ribbit (D:6)
  A hungry ghost (D:11)
  A phantom (D:5)
  An ogre (D:4)
  A sky beast (D:8)
  A centaur (D:8)
  A crocodile (D:8)
  A big kobold (D:8)
  4 killer bees
  3 orc priests
  A gnoll (D:5)
  An adder zombie (D:5)
  5 orcs
  A goblin (D:10)
  A jackal (D:10)
  2 kobolds (D:8)
  A leopard gecko skeleton (D:4)
28 creatures vanquished.

Vanquished Creatures (others)
  An orc wizard (D:7)
  2 fungi (D:11)
  8 plants (D:11)
11 creatures vanquished.

Grand Total: 263 creatures vanquished

Notes
Turn   | Place    | Note
-------+----------+-------------------------------------------
     0 | D:1      | galech the Demonspawn Fighter began the quest for the Orb.
     0 | D:1      | Reached XP level 1. HP: 18/18 MP: 1/1
   157 | D:1      | Gained mutation: You are partially covered in slimy green
                  | scales. (AC +2) [demonic ancestry]
   157 | D:1      | Reached XP level 2. HP: 24/24 MP: 2/2
   374 | D:1      | Reached skill level 2 in Axes
   691 | D:2      | Reached XP level 3. HP: 14/29 MP: 3/3
  1127 | D:2      | Noticed a centaur
  1140 | D:2      | Killed a centaur
  1140 | D:2      | Reached skill level 3 in Axes
  1140 | D:2      | Reached XP level 4. HP: 18/35 MP: 4/4
  1348 | D:2      | Noticed Terence
  1362 | D:2      | Killed Terence
  1362 | D:2      | Gained mutation: You are mostly covered in slimy green
                  | scales. (AC +3) [demonic ancestry]
  1362 | D:2      | Reached XP level 5. HP: 41/41 MP: 5/5
  1832 | D:2      | Found a sparkling altar of Nemelex Xobeh.
  1899 | D:2      | Noticed an ice beast
  1907 | D:2      | Killed an ice beast
  1907 | D:2      | Reached skill level 4 in Axes
  1907 | D:2      | Reached XP level 6. HP: 34/48 MP: 6/6
  2232 | D:3      | Found a glowing drain.
  2255 | D:3      | Reached skill level 1 in Dodging
  2373 | Sewer    | Entered a sewer
  2718 | Sewer    | Gained mutation: Your system is resistant to poisons.
                  | (rPois) [potion of mutation]
  2718 | Sewer    | Gained mutation: You possess an exceptional clarity of
                  | mind. [potion of mutation]
  2718 | Sewer    | Gained mutation: You evolve. [potion of mutation]
  2788 | Sewer    | Gained mutation: A weak demonic guardian rushes to your
                  | aid. [demonic ancestry]
  2788 | Sewer    | Reached XP level 7. HP: 46/54 MP: 7/7
  2910 | D:3      | Reached skill level 5 in Axes
  3226 | D:3      | Found a large runed translucent door.
  3226 | D:3      | Found a large runed translucent door.
  3227 | D:3      | Noticed poirepourri's ghost (novice GrFi)
  3252 | D:3      | Noticed Jessica
  3263 | D:3      | Killed Jessica
  3656 | D:3      | Found a radiant altar of Vehumet.
  3998 | D:4      | Found a blossoming altar of Fedhas.
  4312 | D:4      | Found a basalt altar of Yredelemnul.
  4411 | D:4      | Found a staircase to the Ecumenical Temple.
  4432 | Temple   | Entered the Ecumenical Temple
  4491 | Temple   | Gained mutation: You are resistant to electric shocks.
                  | (rElec) [evolution]
  4518 | Temple   | Became a worshipper of Warmaster Okawaru
  4895 | D:5      | Entered Level 5 of the Dungeon
  5029 | D:5      | Reached XP level 8. HP: 32/61 MP: 8/8
  5073 | D:5      | Reached skill level 6 in Axes
  5704 | D:5      | Found Xesig's Book Shoppe.
  5773 | D:5      | Found a shattered altar of Ashenzari.
  5846 | D:5      | Reached skill level 5 in Fighting
  6060 | D:5      | Noticed a hippogriff
  6078 | D:5      | Killed a hippogriff
  6078 | D:5      | Reached * piety under Okawaru
  6448 | D:5      | HP: 2/62 [killer bee (7)]
  6452 | D:5      | Reached skill level 5 in Shields
  6677 | D:6      | Noticed Duvessa
  6677 | D:6      | Noticed Dowan
  6677 | D:6      | Noticed Menkaure
  6685 | D:5      | Killed Duvessa
  6685 | D:5      | Reached skill level 5 in Armour
  6690 | D:5      | Killed Dowan
  6840 | D:6      | Killed Menkaure
  7077 | D:6      | Found a glowing golden altar of the Shining One.
  7080 | D:6      | Found a hazy altar of Hepliaklqana.
  7633 | D:6      | Reached XP level 9. HP: 51/68 MP: 9/9
  7649 | D:6      | Noticed Prince Ribbit
  8104 | D:6      | Killed Prince Ribbit
  8104 | D:6      | Reached ** piety under Okawaru
  8525 | D:7      | Reached skill level 7 in Axes
  8616 | D:7      | Found a sacrificial altar of Ru.
  9830 | D:7      | Reached skill level 1 in Stealth
  9961 | D:8      | Reached *** piety under Okawaru
 10185 | D:8      | Reached skill level 8 in Axes
 10320 | D:8      | Found Xisiw's Assorted Antiques.
 10328 | D:8      | Bought a scroll labeled ESEG SOCLIAMUN for 24 gold pieces
 10328 | D:8      | Bought a runed hand axe for 144 gold pieces
 10329 | D:8      | Bought a scroll labeled LUISTR LANGA for 24 gold pieces
 10415 | D:8      | Gained mutation: You regenerate a little health from kills.
                  | [demonic ancestry]
 10415 | D:8      | Reached XP level 10. HP: 76/76 MP: 10/10
 10759 | D:8      | Noticed Harold
 10788 | D:8      | Killed Harold
 10788 | D:8      | Reached **** piety under Okawaru
 10788 | D:8      | Received a gift from Okawaru
 10794 | D:8      | Got a fine dagger
 10795 | D:8      | Identified the +9 dagger of Ovi Rima {protect, rPois rC-
                  | Dex+6} (You found it on level 8 of the Dungeon)
 10897 | D:9      | You fall through a shaft for 2 floors!
 10897 | D:11     | Noticed a five-headed hydra
 11228 | D:10     | Entered Level 10 of the Dungeon
 11229 | D:10     | Noticed Josephine
 11233 | D:10     | Found a staircase to the Orcish Mines.
 11314 | D:10     | Reached skill level 9 in Axes
 11328 | D:10     | HP: 2/77 [something (5)]
 11467 | D:9      | Reached skill level 1 in Invocations
 11502 | D:9      | Killed from afar by an orc wizard

Vault maps used:
D:1:      ncdulo_smallfort
D:2:      nemelex_xobeh_ov_fountains_minmay, minmay_pentomino_o2, uniq_terence
D:3:      vehumet_crystals, gup_sewer_entry_glass, ebering_ghost_disaster_area,
          uniq_jessica
D:4:      yredelemnul_altar_generic, fedhas_altar_fruit_tree,
          minmay_temple_entry_water_ring
D:5:      lemuel_crystal_altar, serial_shops, shop, first_ration
D:6:      minitemple, uniq_duvessa, uniq_prince_ribbit1, uniq_menkaure
D:7:      nicolae_ru_sacrificial_ziggurat
D:8:      serial_shops, shop, uniq_harold
D:9:      minmay_misc_feat_pillars
D:10:     minmay_the_grid_3x2, enter_bailey_3, uniq_josephine
D:11:     minmay_lair_entry_grove, david_nohive_1, uniq_nergalle
Temple:   dpeg_chambers_temple
Sewer:    sewer_co_15_rooms

Skill      XL: |  1  2  3  4  5  6  7  8  9 10 |
---------------+-------------------------------+-----
Axes           | 2 3 4 5 6 8 9 |  9.2
Shields        | 3 4 6 7 8 |  8.0
Armour         | 3 4 5 6 |  6.5
Dodging        | 1 2 |  2.9
Fighting       | 4 5 6 |  6.6
Stealth        | 1 |  1.3
Invocations    | 1 |  1.0

Action                   |  1- 3 |  4- 6 |  7- 9 | 10-12 || total
-------------------------+-------+-------+-------+-------++-------
Melee: War axe           |   103 |   219 |  1120 |   183 ||  1625
       Hand axe          |       |       |     8 |    73 ||    81
Invok: Heroism           |       |       |     1 |    11 ||    12
  Use: Scroll            |       |     6 |     8 |     3 ||    17
       Potion            |       |     7 |     9 |     4 ||    20
 Stab: Distracted        |       |       |     4 |       ||     4
  Eat: Chunk             |     1 |     5 |    25 |     4 ||    35
       Ration            |       |       |     1 |       ||     1
Armor: Scale mail        |     5 |     3 |       |       ||     8
       Chain mail        |    55 |   114 |   839 |    24 ||  1032
       Plate armour      |       |       |       |   129 ||   129
Dodge: Dodged            |    18 |    33 |   267 |    72 ||   390
Block: Shield            |    50 |    77 |   689 |   153 ||   969

Table legend:
 A = Non-vault XP
 B = Vault XP
 C = Vault XP percentage of total XP
 D = Non-vault monster count
 E = Vault monster count
 F = Vault count percentage of total count
                 A         B        C        D         E       F
            +---------+---------+-------+---------+---------+-------
      Total |    6608 |    1977 |  23.0 |     223 |      30 |  11.9
            +---------+---------+-------+---------+---------+-------
        D:1 |      33 |       0 |   0.0 |      15 |       0 |   0.0
        D:2 |     320 |      46 |  12.6 |      27 |       3 |  10.0
        D:3 |     111 |      80 |  41.9 |      30 |       6 |  16.7
        D:4 |     461 |       0 |   0.0 |      26 |       0 |   0.0
        D:5 |     633 |     224 |  26.1 |      24 |       2 |   7.7
        D:6 |     561 |     327 |  36.8 |      13 |       2 |  13.3
        D:7 |    1134 |       0 |   0.0 |      33 |       0 |   0.0
        D:8 |    1552 |     954 |  38.1 |      34 |       1 |   2.9
        D:9 |     569 |       0 |   0.0 |       9 |       0 |   0.0
       D:10 |     882 |       1 |   0.1 |       8 |       1 |  11.1
       D:11 |     352 |       0 |   0.0 |       4 |       0 |   0.0
      Sewer |       0 |     345 | 100.0 |       0 |      15 | 100.0
            +---------+---------+-------+---------+---------+-------
